[ AOE2 MATCH · #504831722 ]
UnrankedHuns vs Khitans
[ REPLAY ANALYSIS · EXTRACTED FROM THE RECORDED GAME ]
Feudal
11:52
Castle
23:42
Imperial
41:58
| APM avg | 55.3 |
| APM peak | 99 |
| eAPM avg | 23.7 |
| Villagers / military | 134 / 118 |
Focus
⚔️ 28.1% · 🌾 71.9%
Cavalry Archer ×54 · Knight ×44 · Scout Cavalry ×12 · Monk ×5 · Spearman ×2 · Skirmisher ×1
Feudal
17:19
Castle
39:23
Imperial
—
| APM avg | 20.9 |
| APM peak | 66 |
| eAPM avg | 10.3 |
| Villagers / military | 85 / 17 |
Focus
⚔️ 24.5% · 🌾 75.5%
Scout Cavalry ×17
Feudal
11:11
Castle
24:08
Imperial
—
| APM avg | 39.9 |
| APM peak | 86 |
| eAPM avg | 16.5 |
| Villagers / military | 161 / 118 |
Focus
⚔️ 31.8% · 🌾 68.2%
Cavalry Archer ×51 · Scout Cavalry ×42 · Knight ×11 · Magyar Huszar ×10 · Mangonel ×2 · Battering Ram ×2
Feudal
13:12
Castle
21:58
Imperial
—
| APM avg | 24.5 |
| APM peak | 44 |
| eAPM avg | 16.2 |
| Villagers / military | 83 / 119 |
Focus
⚔️ 43.4% · 🌾 56.6%
Fire Lancer ×85 · Battering Ram ×14 · Spearman ×10 · Scorpion ×5 · Militia ×4 · Mangonel ×1
Feudal
20:22
Castle
37:01
Imperial
—
| APM avg | 36.2 |
| APM peak | 75 |
| eAPM avg | 23.8 |
| Villagers / military | 152 / 11 |
Focus
⚔️ 21.7% · 🌾 78.3%
Knight ×6 · Spearman ×5
Feudal
12:38
Castle
19:37
Imperial
45:32
| APM avg | 22.9 |
| APM peak | 52 |
| eAPM avg | 12.7 |
| Villagers / military | 136 / 0 |
Focus
⚔️ 23.6% · 🌾 76.4%
Unknown (1949) ×101 · Unknown (1944) ×4
Match map
Initial resources + every placement click. Lines = walls · curves = elevation contours. ◆ gold · ⬟ stone · ● berries · ✦ relic · ◌ wall gap
Your base· Open — 13t gap
GELO163Rus's base· Open — unwalled flank
LMG_Leonardo's base· Open — unwalled flank
nikolay.borisbl4's base· Open — unwalled flank
LMG_SON SABANDIJAS's base· Open — unwalled flank
Nezdeshni's base· Open — unwalled flank
Smoothed initial terrain · ◌ = detected wall gap · hover for details
Inputs per minute
— LMG_HERA DE TEMU - - GELO163Rus
Build order — LMG_HERA DE TEMU
First 150 of 359 actions detected
| 0:06 | Build | Town Center |
| 2:12 | Queue | Villager (Male) |
| 2:15 | Queue | Villager (Male) |
| 2:15 | Queue | Villager (Male) |
| 2:15 | Queue | Villager (Male) |
| 2:15 | Queue | Villager (Male) |
| 2:16 | Queue | Villager (Male) |
| 3:46 | Queue | Villager (Male) |
| 3:46 | Queue | Villager (Male) |
| 3:46 | Queue | Villager (Male) |
| 3:47 | Queue | Villager (Male) |
| 3:47 | Queue | Villager (Male) |
| 4:18 | Queue | Villager (Male) |
| 4:18 | Queue | Villager (Male) |
| 4:18 | Queue | Villager (Male) |
| 4:30 | Build | Lumber Camp |
| 4:39 | Queue | Villager (Male) |
| 4:40 | Queue | Villager (Male) |
| 4:58 | Queue | Villager (Male) |
| 4:58 | Queue | Villager (Male) |
| 5:44 | Queue | Villager (Male) |
| 5:45 | Queue | Villager (Male) |
| 5:45 | Queue | Villager (Male) |
| 5:55 | Research | Loom |
| 5:56 | Queue | Villager (Male) |
| 5:57 | Queue | Villager (Male) |
| 5:57 | Queue | Villager (Male) |
| 5:57 | Queue | Villager (Male) |
| 6:40 | Queue | Villager (Male) |
| 6:40 | Queue | Villager (Male) |
| 6:40 | Queue | Villager (Male) |
| 7:27 | Build | Mill |
| 8:04 | Queue | Villager (Male) |
| 8:04 | Queue | Villager (Male) |
| 8:56 | Queue | Villager (Male) |
| 9:38 | Research | Feudal Age |
| 9:38 | Research | Feudal Age |
| 9:39 | Research | Feudal Age |
| 10:33 | Build | Barracks |
| 11:39 | Queue | Villager (Male) |
| 11:39 | Queue | Villager (Male) |
| 11:52 | Age | Feudal Age |
| 11:57 | Build | Stable |
| 12:02 | Research | Double-Bit Axe |
| 12:07 | Queue | Villager (Male) |
| 12:08 | Queue | Villager (Male) |
| 12:15 | Build | Palisade Wall |
| 12:18 | Build | Palisade Gate |
| 12:23 | Build | Palisade Wall |
| 12:48 | Queue | Scout Cavalry |
| 12:48 | Queue | Scout Cavalry |
| 12:49 | Queue | Scout Cavalry |
| 12:57 | Build | Mill |
| 13:01 | Queue | Spearman |
| 13:05 | Queue | Villager (Male) |
| 13:05 | Queue | Villager (Male) |
| 14:07 | Queue | Villager (Male) |
| 14:08 | Queue | Villager (Male) |
| 14:19 | Queue | Scout Cavalry |
| 14:19 | Queue | Scout Cavalry |
| 14:22 | Build | Mill |
| 14:31 | Build | Blacksmith |
| 14:41 | Queue | Villager (Male) |
| 14:41 | Queue | Villager (Male) |
| 15:20 | Queue | Scout Cavalry |
| 15:20 | Queue | Scout Cavalry |
| 15:39 | Build | Mill |
| 15:42 | Queue | Villager (Male) |
| 15:42 | Queue | Villager (Male) |
| 15:43 | Queue | Villager (Male) |
| 16:14 | Queue | Spearman |
| 16:24 | Build | Farm |
| 16:25 | Build | Farm |
| 16:26 | Build | Farm |
| 16:28 | Queue | Villager (Male) |
| 16:28 | Queue | Villager (Male) |
| 17:33 | Queue | Villager (Male) |
| 17:33 | Queue | Villager (Male) |
| 18:01 | Queue | Villager (Male) |
| 18:44 | Build | Archery Range |
| 18:49 | Build | Archery Range |
| 18:52 | Build | Archery Range |
| 19:47 | Queue | Villager (Male) |
| 19:48 | Queue | Villager (Male) |
| 19:56 | Queue | Villager (Male) |
| 20:26 | Research | Castle Age |
| 20:57 | Research | Forging |
| 21:26 | Queue | Scout Cavalry |
| 21:26 | Queue | Scout Cavalry |
| 21:29 | Research | Bloodlines |
| 21:49 | Build | Mining Camp |
| 22:07 | Queue | Scout Cavalry |
| 22:49 | Build | Mill |
| 22:53 | Research | Gold Mining |
| 23:42 | Age | Castle Age |
| 23:47 | Queue | Cavalry Archer |
| 23:47 | Queue | Cavalry Archer |
| 23:47 | Queue | Cavalry Archer |
| 23:48 | Queue | Cavalry Archer |
| 23:48 | Queue | Cavalry Archer |
| 23:48 | Queue | Cavalry Archer |
| 23:52 | Build | Town Center |
| 23:57 | Research | Fletching |
| 24:13 | Research | Town Watch |
| 24:13 | Research | Wheelbarrow |
| 24:15 | Research | Bow Saw |
| 24:25 | Research | Husbandry |
| 24:29 | Research | Bodkin Arrow |
| 24:31 | Queue | Cavalry Archer |
| 24:31 | Queue | Cavalry Archer |
| 24:31 | Queue | Cavalry Archer |
| 24:32 | Queue | Cavalry Archer |
| 25:23 | Queue | Cavalry Archer |
| 25:23 | Queue | Cavalry Archer |
| 25:24 | Queue | Cavalry Archer |
| 25:24 | Queue | Cavalry Archer |
| 25:32 | Queue | Villager (Male) |
| 25:32 | Queue | Villager (Male) |
| 25:32 | Queue | Villager (Male) |
| 25:33 | Queue | Villager (Male) |
| 25:54 | Queue | Cavalry Archer |
| 25:54 | Queue | Cavalry Archer |
| 25:55 | Queue | Cavalry Archer |
| 25:55 | Queue | Cavalry Archer |
| 26:22 | Build | Farm |
| 26:29 | Build | Farm |
| 26:30 | Build | Farm |
| 26:32 | Build | Farm |
| 26:36 | Build | Farm |
| 27:02 | Queue | Cavalry Archer |
| 27:02 | Queue | Cavalry Archer |
| 27:03 | Queue | Cavalry Archer |
| 27:03 | Queue | Cavalry Archer |
| 27:03 | Queue | Cavalry Archer |
| 27:57 | Queue | Villager (Male) |
| 27:57 | Queue | Villager (Male) |
| 27:57 | Queue | Villager (Male) |
| 27:58 | Queue | Villager (Male) |
| 28:00 | Build | Farm |
| 28:00 | Build | Farm |
| 28:00 | Build | Farm |
| 28:00 | Build | Farm |
| 28:01 | Build | Farm |
| 28:01 | Build | Farm |
| 28:01 | Build | Farm |
| 28:17 | Build | Monastery |
| 28:43 | Research | Padded Archer Armor |
| 28:48 | Build | Farm |
| 28:49 | Build | Farm |
| 28:49 | Build | Farm |
Build order — GELO163Rus
First 150 of 185 actions detected
| 0:37 | Build | Town Center |
| 1:27 | Build | House |
| 2:46 | Queue | Villager (Male) ×4 |
| 2:47 | Research | Loom |
| 4:18 | Build | House |
| 4:19 | Build | House |
| 4:22 | Build | House |
| 4:32 | Build | Lumber Camp |
| 4:40 | Queue | Villager (Male) |
| 4:41 | Queue | Villager (Male) |
| 4:59 | Queue | Villager (Male) |
| 4:59 | Queue | Villager (Male) |
| 5:03 | Queue | Villager (Male) |
| 6:32 | Queue | Villager (Male) |
| 6:32 | Queue | Villager (Male) |
| 7:00 | Queue | Villager (Male) |
| 7:17 | Queue | Villager (Male) |
| 7:30 | Build | Mill |
| 7:45 | Queue | Villager (Male) |
| 8:06 | Build | House |
| 8:26 | Build | House |
| 8:35 | Queue | Villager (Male) |
| 8:35 | Queue | Villager (Male) |
| 8:45 | Queue | Villager (Male) |
| 9:27 | Queue | Villager (Male) |
| 9:49 | Queue | Villager (Male) |
| 9:50 | Queue | Villager (Male) |
| 9:50 | Queue | Villager (Male) |
| 11:41 | Build | Lumber Camp |
| 13:58 | Build | Town Center |
| 15:09 | Research | Feudal Age |
| 15:26 | Queue | Villager (Male) |
| 15:26 | Queue | Villager (Male) |
| 15:28 | Queue | Villager (Male) |
| 15:28 | Queue | Villager (Male) |
| 17:19 | Age | Feudal Age |
| 17:26 | Queue | Villager (Male) |
| 17:27 | Queue | Villager (Male) |
| 17:32 | Build | Lumber Camp |
| 17:40 | Queue | Villager (Male) |
| 17:41 | Queue | Villager (Male) |
| 18:42 | Build | Palisade Wall |
| 18:42 | Build | Palisade Wall |
| 18:43 | Build | Palisade Wall |
| 18:44 | Build | Palisade Wall |
| 18:45 | Build | Palisade Wall |
| 18:46 | Build | Palisade Wall |
| 18:57 | Build | House |
| 19:17 | Build | House |
| 23:45 | Build | Town Center |
| 24:10 | Research | Double-Bit Axe |
| 25:52 | Queue | Villager (Male) |
| 25:53 | Queue | Villager (Male) |
| 25:53 | Queue | Villager (Male) |
| 25:53 | Queue | Villager (Male) |
| 25:53 | Queue | Villager (Male) |
| 26:26 | Build | Lumber Camp |
| 27:26 | Queue | Villager (Male) |
| 27:26 | Queue | Villager (Male) |
| 27:39 | Queue | Villager (Male) |
| 27:44 | Build | Mill |
| 27:46 | Queue | Villager (Male) |
| 28:03 | Queue | Villager (Male) |
| 28:50 | Build | Barracks |
| 29:11 | Build | Palisade Gate |
| 29:36 | Queue | Villager (Male) |
| 29:56 | Build | House |
| 29:57 | Build | House |
| 30:08 | Queue | Villager (Male) |
| 30:08 | Queue | Villager (Male) |
| 30:58 | Queue | Villager (Male) |
| 31:04 | Build | Market |
| 31:08 | Queue | Villager (Male) |
| 31:26 | Build | Blacksmith |
| 32:04 | Queue | Villager (Male) |
| 32:04 | Queue | Villager (Male) |
| 32:04 | Queue | Villager (Male) |
| 32:19 | Build | Stable |
| 32:21 | Build | Stable |
| 32:36 | Queue | Villager (Male) |
| 32:36 | Queue | Villager (Male) |
| 32:48 | Build | Stable |
| 32:57 | Queue | Villager (Male) |
| 33:38 | Queue | Villager (Male) |
| 33:39 | Queue | Villager (Male) |
| 33:44 | Build | Pasture |
| 33:46 | Build | Pasture |
| 34:03 | Build | Pasture |
| 34:15 | Build | House |
| 34:17 | Build | House |
| 34:35 | Build | House |
| 34:36 | Build | House |
| 34:38 | Build | House |
| 34:39 | Build | House |
| 34:53 | Queue | Villager (Male) |
| 34:53 | Queue | Villager (Male) |
| 34:58 | Build | Pasture |
| 35:34 | Build | Stable |
| 36:16 | Queue | Villager (Male) |
| 36:22 | Build | Stable |
| 36:27 | Build | House |
| 36:30 | Research | Castle Age |
| 36:45 | Build | House |
| 36:47 | Build | House |
| 36:52 | Build | House |
| 36:57 | Build | Palisade Wall |
| 37:01 | Build | Palisade Gate |
| 37:08 | Research | Forging |
| 37:34 | Build | Pasture |
| 37:54 | Build | Pasture |
| 37:58 | Build | Pasture |
| 38:02 | Research | Scale Barding Armor |
| 38:20 | Research | Tech 1014 |
| 39:22 | Queue | Villager (Male) |
| 39:23 | Queue | Villager (Male) |
| 39:23 | Age | Castle Age |
| 39:23 | Queue | Villager (Male) |
| 39:23 | Queue | Villager (Male) |
| 39:40 | Build | Town Center |
| 39:47 | Research | Light Cavalry (upgrade) |
| 39:50 | Research | Husbandry |
| 39:53 | Queue | Villager (Male) |
| 39:53 | Queue | Villager (Male) |
| 40:04 | Build | Lumber Camp |
| 40:07 | Queue | Villager (Male) |
| 40:25 | Build | Pasture |
| 40:26 | Queue | Villager (Male) |
| 40:27 | Queue | Villager (Male) |
| 40:43 | Queue | Scout Cavalry |
| 40:43 | Queue | Scout Cavalry |
| 40:44 | Queue | Scout Cavalry |
| 41:11 | Queue | Villager (Male) |
| 41:11 | Queue | Villager (Male) |
| 41:15 | Research | Chain Barding Armor |
| 41:26 | Build | Pasture |
| 41:35 | Build | Pasture |
| 41:36 | Build | Pasture |
| 41:40 | Queue | Villager (Male) |
| 41:40 | Queue | Villager (Male) |
| 41:45 | Queue | Scout Cavalry |
| 41:45 | Queue | Scout Cavalry |
| 42:00 | Build | Pasture |
| 42:07 | Queue | Scout Cavalry |
| 42:08 | Queue | Villager (Male) |
| 42:31 | Queue | Scout Cavalry |
| 42:32 | Queue | Scout Cavalry |
| 42:46 | Build | Pasture |
| 42:47 | Build | Pasture |
| 42:53 | Queue | Scout Cavalry |
| 42:53 | Queue | Scout Cavalry |
Build order — LMG_Leonardo
First 150 of 416 actions detected
| 0:10 | Build | Town Center |
| 0:24 | Build | House |
| 1:12 | Build | House |
| 2:42 | Queue | Villager (Male) |
| 2:42 | Queue | Villager (Male) |
| 2:42 | Queue | Villager (Male) |
| 2:43 | Queue | Villager (Male) |
| 2:43 | Queue | Villager (Male) |
| 3:31 | Queue | Villager (Male) |
| 3:31 | Queue | Villager (Male) |
| 4:09 | Queue | Villager (Male) |
| 4:09 | Queue | Villager (Male) |
| 4:10 | Queue | Villager (Male) |
| 4:46 | Queue | Villager (Male) |
| 4:46 | Queue | Villager (Male) |
| 4:46 | Queue | Villager (Male) |
| 5:06 | Build | Lumber Camp |
| 5:18 | Build | House |
| 5:20 | Build | House |
| 5:25 | Queue | Villager (Male) |
| 5:26 | Queue | Villager (Male) |
| 5:26 | Queue | Villager (Male) |
| 6:18 | Queue | Villager (Male) |
| 6:18 | Queue | Villager (Male) |
| 6:37 | Queue | Villager (Male) |
| 6:38 | Queue | Villager (Male) |
| 6:55 | Queue | Villager (Male) |
| 6:55 | Queue | Villager (Male) |
| 6:56 | Queue | Villager (Male) |
| 7:11 | Queue | Villager (Male) |
| 7:11 | Queue | Villager (Male) |
| 7:11 | Queue | Villager (Male) |
| 7:21 | Build | House |
| 7:47 | Build | Mill |
| 8:08 | Research | Loom |
| 9:01 | Research | Feudal Age |
| 9:01 | Research | Feudal Age |
| 9:33 | Queue | Villager (Male) |
| 9:34 | Queue | Villager (Male) |
| 9:56 | Build | House |
| 10:24 | Build | Barracks |
| 10:54 | Queue | Villager (Male) |
| 11:11 | Age | Feudal Age |
| 11:23 | Build | Stable |
| 11:34 | Build | Palisade Wall |
| 11:35 | Build | Palisade Wall |
| 11:35 | Build | Palisade Wall |
| 11:36 | Build | Palisade Wall |
| 11:47 | Build | Palisade Wall |
| 11:49 | Build | Palisade Wall |
| 11:50 | Build | Palisade Wall |
| 11:50 | Build | Palisade Wall |
| 11:51 | Build | Palisade Wall |
| 11:55 | Queue | Villager (Male) |
| 11:56 | Queue | Villager (Male) |
| 12:09 | Queue | Scout Cavalry |
| 12:09 | Queue | Scout Cavalry |
| 12:25 | Research | Double-Bit Axe |
| 12:52 | Queue | Scout Cavalry |
| 12:53 | Queue | Villager (Male) |
| 13:04 | Build | Stable |
| 13:20 | Queue | Villager (Male) |
| 13:20 | Queue | Villager (Male) |
| 13:35 | Queue | Scout Cavalry |
| 13:35 | Queue | Scout Cavalry |
| 13:59 | Queue | Villager (Male) |
| 14:05 | Queue | Scout Cavalry |
| 14:05 | Queue | Scout Cavalry |
| 14:07 | Build | House |
| 14:08 | Build | House |
| 14:21 | Queue | Villager (Male) |
| 14:21 | Queue | Villager (Male) |
| 14:29 | Build | Blacksmith |
| 14:36 | Queue | Scout Cavalry |
| 14:36 | Queue | Scout Cavalry |
| 14:52 | Queue | Villager (Male) |
| 15:02 | Queue | Scout Cavalry |
| 15:17 | Build | Mill |
| 15:21 | Queue | Villager (Male) |
| 15:54 | Queue | Villager (Male) |
| 15:54 | Queue | Villager (Male) |
| 16:14 | Queue | Villager (Male) |
| 16:14 | Queue | Villager (Male) |
| 16:23 | Queue | Scout Cavalry |
| 16:23 | Queue | Scout Cavalry |
| 16:23 | Queue | Scout Cavalry |
| 16:56 | Build | House |
| 16:58 | Build | House |
| 17:04 | Queue | Scout Cavalry |
| 17:05 | Queue | Scout Cavalry |
| 17:05 | Queue | Scout Cavalry |
| 17:05 | Queue | Scout Cavalry |
| 17:09 | Build | House |
| 17:10 | Build | House |
| 17:30 | Build | Mill |
| 17:36 | Queue | Villager (Male) |
| 17:41 | Research | Scale Barding Armor |
| 18:01 | Build | Mill |
| 18:08 | Queue | Villager (Male) |
| 18:08 | Queue | Villager (Male) |
| 18:20 | Build | Mining Camp |
| 18:27 | Queue | Villager (Male) |
| 18:27 | Queue | Villager (Male) |
| 18:27 | Queue | Villager (Male) |
| 18:59 | Build | Farm |
| 19:01 | Build | Farm |
| 19:55 | Build | Farm |
| 19:55 | Build | Farm |
| 20:11 | Queue | Villager (Male) |
| 20:11 | Queue | Villager (Male) |
| 20:30 | Build | Farm |
| 20:35 | Build | Market |
| 20:43 | Build | Farm |
| 20:43 | Build | Farm |
| 20:47 | Build | Farm |
| 21:00 | Queue | Villager (Male) |
| 21:14 | Build | Stable |
| 21:15 | Research | Castle Age |
| 21:32 | Build | Farm |
| 22:13 | Queue | Villager (Male) |
| 22:13 | Queue | Villager (Male) |
| 22:25 | Build | House |
| 22:26 | Build | House |
| 22:26 | Build | House |
| 22:33 | Queue | Scout Cavalry |
| 22:33 | Queue | Scout Cavalry |
| 22:35 | Research | Bloodlines |
| 22:41 | Queue | Scout Cavalry |
| 22:42 | Queue | Scout Cavalry |
| 22:42 | Queue | Scout Cavalry |
| 24:03 | Build | Mining Camp |
| 24:08 | Age | Castle Age |
| 24:12 | Research | Chain Barding Armor |
| 24:15 | Research | Light Cavalry (upgrade) |
| 24:18 | Queue | Villager (Male) |
| 24:18 | Queue | Villager (Male) |
| 24:26 | Build | Town Center |
| 24:45 | Build | Farm |
| 25:00 | Build | House |
| 25:01 | Build | House |
| 25:08 | Queue | Knight |
| 25:08 | Queue | Knight |
| 25:08 | Queue | Knight |
| 25:09 | Queue | Knight |
| 25:16 | Queue | Villager (Male) |
| 25:17 | Queue | Villager (Male) |
| 25:51 | Queue | Villager (Male) |
| 25:51 | Queue | Villager (Male) |
| 26:09 | Queue | Villager (Male) |
| 26:09 | Queue | Villager (Male) |
Build order — nikolay.borisbl4
First 150 of 307 actions detected
| 1:01 | Build | Town Center |
| 2:56 | Build | House |
| 3:18 | Queue | Villager (Male) |
| 3:18 | Queue | Villager (Male) |
| 3:19 | Queue | Villager (Male) |
| 3:19 | Queue | Villager (Male) |
| 3:36 | Build | House |
| 4:54 | Queue | Villager (Male) |
| 4:56 | Build | House |
| 5:03 | Queue | Villager (Male) |
| 5:34 | Build | Lumber Camp |
| 5:46 | Queue | Villager (Male) |
| 5:47 | Queue | Villager (Male) |
| 6:30 | Queue | Villager (Male) |
| 7:08 | Queue | Villager (Male) |
| 7:09 | Queue | Villager (Male) |
| 7:10 | Queue | Villager (Male) |
| 7:10 | Queue | Villager (Male) |
| 7:26 | Build | House |
| 7:39 | Build | House |
| 7:48 | Build | House |
| 7:57 | Queue | Villager (Male) |
| 8:36 | Build | Barracks |
| 8:42 | Queue | Villager (Male) |
| 9:20 | Queue | Villager (Male) |
| 9:25 | Build | House |
| 9:30 | Queue | Militia |
| 9:31 | Queue | Militia |
| 9:36 | Queue | Villager (Male) |
| 10:00 | Build | House |
| 10:12 | Queue | Villager (Male) |
| 11:02 | Research | Feudal Age |
| 11:14 | Build | Mill |
| 11:16 | Queue | Militia |
| 11:45 | Queue | Militia |
| 12:28 | Research | Loom |
| 13:00 | Queue | Villager (Male) |
| 13:12 | Age | Feudal Age |
| 13:22 | Research | Man-at-Arms (upgrade) |
| 13:23 | Queue | Villager (Male) |
| 14:09 | Queue | Spearman |
| 14:11 | Research | Double-Bit Axe |
| 14:23 | Build | Blacksmith |
| 14:31 | Queue | Spearman |
| 14:34 | Build | House |
| 14:39 | Queue | Villager (Male) |
| 14:51 | Queue | Villager (Male) |
| 15:20 | Build | Market |
| 15:27 | Queue | Villager (Male) |
| 15:56 | Build | Palisade Wall |
| 15:57 | Build | Palisade Wall |
| 15:59 | Build | Palisade Wall |
| 16:02 | Queue | Spearman |
| 16:24 | Queue | Villager (Male) |
| 17:08 | Queue | Villager (Male) |
| 17:37 | Queue | Villager (Male) |
| 17:58 | Queue | Spearman |
| 18:05 | Build | Farm |
| 18:06 | Build | Farm |
| 18:09 | Build | Farm |
| 18:11 | Build | Farm |
| 18:17 | Queue | Villager (Male) |
| 18:22 | Queue | Spearman |
| 18:46 | Build | House |
| 18:51 | Queue | Spearman |
| 19:18 | Research | Castle Age |
| 19:27 | Queue | Spearman |
| 19:56 | Queue | Spearman |
| 20:20 | Queue | Spearman |
| 20:26 | Queue | Villager (Male) |
| 20:42 | Build | Lumber Camp |
| 20:48 | Queue | Spearman |
| 21:11 | Build | Palisade Wall |
| 21:17 | Build | Palisade Wall |
| 21:40 | Build | Farm |
| 21:44 | Research | Scale Mail Armor |
| 21:58 | Age | Castle Age |
| 22:05 | Build | Siege Workshop |
| 22:09 | Queue | Fire Lancer |
| 22:22 | Queue | Villager (Male) |
| 22:34 | Build | Town Center |
| 22:46 | Queue | Fire Lancer |
| 22:50 | Queue | Villager (Male) |
| 23:09 | Build | Palisade Wall |
| 23:14 | Queue | Fire Lancer |
| 23:39 | Build | Outpost |
| 23:45 | Queue | Battering Ram |
| 23:48 | Queue | Fire Lancer |
| 24:00 | Research | Squires |
| 24:06 | Build | House |
| 24:19 | Build | House |
| 24:24 | Queue | Fire Lancer |
| 24:34 | Queue | Villager (Male) |
| 24:38 | Queue | Villager (Male) |
| 24:52 | Queue | Battering Ram |
| 25:06 | Queue | Villager (Male) |
| 25:19 | Queue | Fire Lancer |
| 25:20 | Queue | Fire Lancer |
| 25:41 | Queue | Fire Lancer |
| 25:42 | Queue | Fire Lancer |
| 25:50 | Queue | Fire Lancer |
| 25:50 | Queue | Fire Lancer |
| 26:21 | Build | Barracks |
| 26:24 | Queue | Fire Lancer |
| 26:38 | Build | House |
| 26:42 | Queue | Villager (Male) |
| 26:48 | Queue | Fire Lancer |
| 26:49 | Queue | Fire Lancer |
| 26:56 | Build | Palisade Wall |
| 26:58 | Build | Farm |
| 27:01 | Build | Palisade Wall |
| 27:06 | Queue | Fire Lancer |
| 27:25 | Build | Palisade Wall |
| 27:26 | Build | Palisade Wall |
| 27:31 | Queue | Fire Lancer |
| 27:32 | Queue | Fire Lancer |
| 27:44 | Build | Barracks |
| 27:47 | Research | Wheelbarrow |
| 27:49 | Build | Farm |
| 28:05 | Queue | Villager (Male) |
| 28:06 | Queue | Villager (Male) |
| 28:14 | Build | Farm |
| 28:22 | Queue | Fire Lancer |
| 28:45 | Queue | Battering Ram |
| 28:51 | Build | House |
| 28:56 | Build | House |
| 29:19 | Queue | Fire Lancer |
| 29:19 | Queue | Fire Lancer |
| 29:21 | Queue | Fire Lancer |
| 29:23 | Queue | Villager (Male) |
| 29:26 | Build | Farm |
| 29:29 | Queue | Villager (Male) |
| 29:29 | Queue | Villager (Male) |
| 29:39 | Queue | Fire Lancer |
| 29:59 | Queue | Fire Lancer |
| 30:00 | Queue | Fire Lancer |
| 30:08 | Queue | Fire Lancer |
| 30:09 | Queue | Fire Lancer |
| 30:09 | Queue | Fire Lancer |
| 30:24 | Queue | Villager (Male) |
| 30:25 | Queue | Villager (Male) |
| 30:31 | Build | Farm |
| 30:54 | Build | House |
| 31:04 | Queue | Mangonel |
| 31:06 | Queue | Villager (Male) |
| 31:06 | Queue | Villager (Male) |
| 31:30 | Queue | Fire Lancer |
| 31:31 | Queue | Fire Lancer |
| 31:45 | Queue | Villager (Male) |
| 31:46 | Queue | Villager (Male) |
Build order — LMG_SON SABANDIJAS
First 150 of 290 actions detected
| 1:15 | Build | Town Center |
| 2:22 | Build | House |
| 3:23 | Queue | Villager (Male) |
| 3:23 | Queue | Villager (Male) |
| 3:23 | Queue | Villager (Male) |
| 3:24 | Queue | Villager (Male) |
| 3:24 | Queue | Villager (Male) |
| 4:22 | Queue | Villager (Male) |
| 4:23 | Queue | Villager (Male) |
| 4:47 | Queue | Villager (Male) |
| 4:48 | Queue | Villager (Male) |
| 5:04 | Build | Lumber Camp |
| 5:07 | Queue | Villager (Male) |
| 5:07 | Queue | Villager (Male) |
| 5:07 | Queue | Villager (Male) |
| 5:50 | Queue | Villager (Male) |
| 5:50 | Queue | Villager (Male) |
| 6:42 | Build | House |
| 6:45 | Research | Loom |
| 6:49 | Build | House |
| 7:20 | Queue | Villager (Male) |
| 7:21 | Queue | Villager (Male) |
| 7:21 | Queue | Villager (Male) |
| 7:21 | Queue | Villager (Male) |
| 7:22 | Queue | Villager (Male) |
| 7:22 | Queue | Villager (Male) |
| 7:57 | Queue | Villager (Male) |
| 7:57 | Queue | Villager (Male) |
| 9:15 | Build | Town Center |
| 9:22 | Build | Palisade Wall |
| 10:12 | Queue | Villager (Male) |
| 10:14 | Queue | Villager (Male) |
| 10:14 | Queue | Villager (Male) |
| 10:15 | Queue | Villager (Male) |
| 11:48 | Queue | Villager (Male) |
| 11:49 | Queue | Villager (Male) |
| 11:49 | Queue | Villager (Male) |
| 12:57 | Queue | Villager (Male) |
| 12:57 | Queue | Villager (Male) |
| 12:57 | Queue | Villager (Male) |
| 13:03 | Build | House |
| 13:04 | Build | House |
| 13:07 | Build | Palisade Gate |
| 13:31 | Build | Mill |
| 13:51 | Queue | Villager (Male) |
| 13:52 | Queue | Villager (Male) |
| 13:52 | Queue | Villager (Male) |
| 13:52 | Queue | Villager (Male) |
| 14:05 | Build | House |
| 14:16 | Queue | Villager (Male) |
| 14:16 | Queue | Villager (Male) |
| 14:17 | Queue | Villager (Male) |
| 14:37 | Queue | Villager (Male) |
| 14:38 | Queue | Villager (Male) |
| 14:38 | Queue | Villager (Male) |
| 14:40 | Queue | Villager (Male) |
| 14:40 | Queue | Villager (Male) |
| 15:48 | Build | Town Center |
| 17:02 | Queue | Villager (Male) |
| 18:18 | Research | Feudal Age |
| 18:18 | Research | Feudal Age |
| 18:19 | Research | Feudal Age |
| 19:16 | Build | Palisade Wall |
| 19:23 | Build | Palisade Wall |
| 19:42 | Build | Mining Camp |
| 19:56 | Build | House |
| 20:22 | Age | Feudal Age |
| 20:31 | Queue | Villager (Male) |
| 20:32 | Queue | Villager (Male) |
| 20:32 | Queue | Villager (Male) |
| 22:34 | Build | House |
| 23:11 | Build | House |
| 23:22 | Build | Mill |
| 23:55 | Queue | Villager (Male) |
| 23:55 | Queue | Villager (Male) |
| 24:02 | Build | Barracks |
| 24:05 | Queue | Villager (Male) |
| 24:05 | Queue | Villager (Male) |
| 24:05 | Queue | Villager (Male) |
| 24:19 | Build | Palisade Wall |
| 24:21 | Build | Palisade Wall |
| 24:22 | Build | Palisade Wall |
| 24:28 | Build | House |
| 24:29 | Build | Palisade Wall |
| 24:31 | Build | Palisade Wall |
| 24:32 | Build | Palisade Wall |
| 24:33 | Build | Palisade Wall |
| 24:35 | Queue | Villager (Male) |
| 24:36 | Queue | Villager (Male) |
| 24:36 | Queue | Villager (Male) |
| 24:53 | Build | Barracks |
| 25:01 | Queue | Villager (Male) |
| 25:01 | Queue | Villager (Male) |
| 25:15 | Build | Lumber Camp |
| 25:19 | Queue | Villager (Male) |
| 25:24 | Queue | Villager (Male) |
| 25:30 | Research | Horse Collar |
| 25:36 | Research | Gold Mining |
| 25:40 | Research | Double-Bit Axe |
| 25:50 | Build | Palisade Wall |
| 26:10 | Build | Stone Wall |
| 26:22 | Queue | Villager (Male) |
| 26:23 | Queue | Villager (Male) |
| 26:23 | Queue | Villager (Male) |
| 26:25 | Queue | Villager (Male) |
| 26:25 | Queue | Villager (Male) |
| 26:27 | Queue | Spearman |
| 26:29 | Build | Farm |
| 26:51 | Build | House |
| 26:57 | Build | Palisade Wall |
| 27:24 | Build | Farm |
| 27:25 | Build | Farm |
| 27:25 | Build | Farm |
| 27:25 | Build | Farm |
| 27:25 | Build | Farm |
| 27:26 | Build | Farm |
| 27:27 | Queue | Spearman |
| 27:27 | Queue | Spearman |
| 27:51 | Queue | Villager (Male) |
| 27:51 | Queue | Villager (Male) |
| 28:07 | Build | Stone Wall |
| 28:23 | Build | Gate |
| 28:28 | Build | Mining Camp |
| 28:31 | Queue | Villager (Male) |
| 28:31 | Queue | Villager (Male) |
| 28:31 | Queue | Villager (Male) |
| 28:39 | Build | Mill |
| 28:42 | Queue | Villager (Male) |
| 28:42 | Queue | Villager (Male) |
| 28:44 | Queue | Spearman |
| 28:44 | Queue | Spearman |
| 29:06 | Queue | Villager (Male) |
| 29:06 | Queue | Villager (Male) |
| 29:13 | Queue | Villager (Male) |
| 29:28 | Queue | Villager (Male) |
| 29:29 | Queue | Villager (Male) |
| 29:45 | Queue | Villager (Male) |
| 30:00 | Build | Mining Camp |
| 30:41 | Queue | Villager (Male) |
| 30:49 | Queue | Villager (Male) |
| 31:30 | Queue | Villager (Male) |
| 31:31 | Queue | Villager (Male) |
| 31:45 | Queue | Villager (Male) |
| 31:50 | Queue | Villager (Male) |
| 31:50 | Queue | Villager (Male) |
| 32:19 | Queue | Villager (Male) |
| 32:19 | Queue | Villager (Male) |
| 32:28 | Build | Market |
| 33:01 | Build | House |
| 33:16 | Queue | Villager (Male) |
Build order — Nezdeshni
First 150 of 224 actions detected
| 0:15 | Build | Town Center |
| 2:24 | Queue | Villager (Male) ×4 |
| 2:27 | Build | House |
| 3:33 | Research | Loom |
| 4:25 | Queue | Villager (Male) ×3 |
| 4:53 | Build | House |
| 5:35 | Build | Lumber Camp |
| 6:00 | Queue | Villager (Male) ×4 |
| 7:02 | Build | House |
| 7:44 | Queue | Villager (Male) |
| 7:45 | Queue | Villager (Male) |
| 7:46 | Queue | Villager (Male) |
| 7:46 | Queue | Villager (Male) |
| 8:31 | Queue | Villager (Male) ×5 |
| 8:58 | Build | Mill |
| 9:08 | Queue | Villager (Male) ×2 |
| 9:12 | Build | Palisade Wall |
| 9:57 | Queue | Villager (Male) |
| 10:26 | Build | House |
| 10:27 | Build | House |
| 10:28 | Research | Feudal Age |
| 10:47 | Build | Palisade Gate |
| 11:15 | Build | House |
| 11:30 | Build | House |
| 12:02 | Build | Barracks |
| 12:04 | Build | House |
| 12:06 | Build | Palisade Wall |
| 12:13 | Queue | Villager (Male) ×5 |
| 12:24 | Build | House |
| 12:26 | Build | House |
| 12:29 | Build | House |
| 12:31 | Build | House |
| 12:38 | Age | Feudal Age |
| 12:38 | Build | House |
| 13:15 | Research | Double-Bit Axe |
| 13:43 | Research | Horse Collar |
| 13:55 | Build | Palisade Wall |
| 14:20 | Queue | Villager (Male) |
| 14:43 | Queue | Villager (Male) |
| 15:00 | Queue | Villager (Male) |
| 15:38 | Build | Mill |
| 15:55 | Build | Stable |
| 16:02 | Queue | Villager (Male) |
| 16:02 | Queue | Villager (Male) |
| 16:12 | Build | Blacksmith |
| 16:57 | Research | Castle Age |
| 17:04 | Build | Mining Camp |
| 17:44 | Research | Stone Mining |
| 17:44 | Research | Stone Mining |
| 18:04 | Research | Gold Mining |
| 18:35 | Research | Scale Barding Armor |
| 18:43 | Research | Bloodlines |
| 19:27 | Queue | Villager (Male) ×5 |
| 19:37 | Age | Castle Age |
| 19:41 | Queue | Unit 1944 |
| 19:41 | Queue | Unit 1944 |
| 20:20 | Queue | Unit 1944 |
| 20:26 | Research | Husbandry |
| 20:51 | Build | Castle |
| 20:56 | Queue | Unit 1944 |
| 21:06 | Research | Forging |
| 21:40 | Queue | Villager (Male) ×5 |
| 22:27 | Build | Market |
| 23:25 | Build | Town Center |
| 23:35 | Queue | Villager (Male) |
| 23:35 | Queue | Villager (Male) |
| 23:41 | Build | Town Center |
| 23:44 | Queue | Unit 1949 ×3 |
| 24:04 | Queue | Unit 1949 |
| 24:05 | Queue | Unit 1949 |
| 24:25 | Queue | Villager (Male) |
| 25:09 | Queue | Villager (Male) ×2 |
| 25:17 | Queue | Villager (Male) |
| 25:22 | Build | Farm |
| 25:23 | Build | Farm |
| 25:24 | Build | Farm |
| 25:44 | Research | Iron Casting |
| 25:57 | Queue | Villager (Male) |
| 26:04 | Build | Mill |
| 26:14 | Build | Farm |
| 26:42 | Queue | Villager (Male) ×3 |
| 27:03 | Research | Bow Saw |
| 27:03 | Research | Bow Saw |
| 27:27 | Queue | Villager (Male) |
| 27:41 | Queue | Unit 1949 |
| 27:53 | Research | Chain Barding Armor |
| 27:54 | Queue | Unit 1949 ×2 |
| 27:58 | Queue | Villager (Male) ×3 |
| 27:59 | Queue | Villager (Male) ×3 |
| 28:25 | Build | Farm |
| 28:26 | Build | Farm |
| 28:28 | Build | Farm |
| 28:29 | Build | Farm |
| 28:30 | Queue | Villager (Male) ×2 |
| 29:02 | Build | Farm |
| 29:03 | Queue | Villager (Male) ×3 |
| 29:08 | Build | Farm |
| 29:13 | Build | Mining Camp |
| 29:37 | Build | Farm |
| 29:39 | Queue | Unit 1949 ×5 |
| 29:42 | Queue | Villager (Male) |
| 29:50 | Build | Town Center |
| 30:13 | Queue | Villager (Male) ×3 |
| 30:22 | Queue | Unit 1949 |
| 30:34 | Build | Farm |
| 30:35 | Queue | Villager (Male) |
| 30:35 | Queue | Villager (Male) |
| 31:14 | Queue | Villager (Male) ×5 |
| 31:30 | Queue | Unit 1949 |
| 32:03 | Queue | Villager (Male) ×5 |
| 32:24 | Queue | Unit 1949 ×3 |
| 32:25 | Queue | Unit 1949 |
| 32:25 | Queue | Unit 1949 |
| 32:28 | Build | House |
| 32:29 | Build | House |
| 32:29 | Build | House |
| 32:29 | Build | House |
| 32:30 | Build | House |
| 32:30 | Build | House |
| 32:31 | Build | House |
| 33:19 | Queue | Unit 1949 ×5 |
| 33:34 | Queue | Villager (Male) ×2 |
| 33:55 | Build | Farm |
| 33:59 | Queue | Villager (Male) ×5 |
| 34:04 | Build | Farm |
| 34:04 | Build | Farm |
| 34:13 | Research | Wheelbarrow |
| 34:22 | Queue | Unit 1949 ×3 |
| 35:11 | Queue | Villager (Male) ×5 |
| 35:12 | Queue | Villager (Male) ×5 |
| 35:18 | Build | Town Center |
| 35:47 | Build | Farm |
| 35:52 | Build | Mining Camp |
| 35:56 | Research | Hand Cart |
| 36:07 | Build | Castle |
| 36:39 | Build | Farm |
| 36:41 | Queue | Villager (Male) ×5 |
| 36:59 | Queue | Villager (Male) ×5 |
| 37:31 | Build | Farm |
| 37:34 | Research | Heavy Plow |
| 37:40 | Build | Lumber Camp |
| 37:43 | Queue | Villager (Male) ×5 |
| 37:48 | Build | Mill |
| 37:49 | Build | Farm |
| 37:49 | Build | Farm |
| 37:50 | Build | Farm |
| 37:50 | Build | Farm |
| 37:50 | Build | Farm |
| 37:50 | Build | Farm |
| 37:51 | Build | Farm |
Match timeline
| 8:36 | nikolay.borisbl4 · first_building Barracks |
| 9:12 | Nezdeshni · wall_segment Palisade Wall x1 |
| 9:22 | LMG_SON SABANDIJAS · wall_segment Palisade Wall x1 |
| 10:24 | LMG_Leonardo · first_building Barracks |
| 10:33 | LMG_HERA DE TEMU · first_building Barracks |
| 11:11 | LMG_Leonardo · age_up feudal |
| 11:23 | LMG_Leonardo · first_building Stable |
| 11:34 | LMG_Leonardo · wall_segment Palisade Wall x1 |
| 11:35 | LMG_Leonardo · wall_segment Palisade Wall x1 |
| 11:35 | LMG_Leonardo · wall_segment Palisade Wall x1 |
| 11:36 | LMG_Leonardo · wall_segment Palisade Wall x1 |
| 11:47 | LMG_Leonardo · wall_segment Palisade Wall x1 |
| 11:49 | LMG_Leonardo · wall_segment Palisade Wall x1 |
| 11:50 | LMG_Leonardo · wall_segment Palisade Wall x1 |
| 11:50 | LMG_Leonardo · wall_segment Palisade Wall x1 |
| 11:51 | LMG_Leonardo · wall_segment Palisade Wall x1 |
| 11:52 | LMG_HERA DE TEMU · age_up feudal |
| 11:57 | LMG_HERA DE TEMU · first_building Stable |
| 12:02 | Nezdeshni · first_building Barracks |
| 12:06 | Nezdeshni · wall_segment Palisade Wall x1 |
| 12:15 | LMG_HERA DE TEMU · wall_segment Palisade Wall x4 |
| 12:23 | LMG_HERA DE TEMU · wall_segment Palisade Wall x5 |
| 12:38 | Nezdeshni · age_up feudal |
| 13:12 | nikolay.borisbl4 · age_up feudal |
| 13:55 | Nezdeshni · wall_segment Palisade Wall x1 |
| 15:55 | Nezdeshni · first_building Stable |
| 15:56 | nikolay.borisbl4 · wall_segment Palisade Wall x1 |
| 15:57 | nikolay.borisbl4 · wall_segment Palisade Wall x1 |
| 15:59 | nikolay.borisbl4 · wall_segment Palisade Wall x1 |
| 17:19 | GELO163Rus · age_up feudal |
| 18:36 | nikolay.borisbl4 · first_market_buy 100 food |
| 18:42 | GELO163Rus · wall_segment Palisade Wall x1 |
| 18:42 | GELO163Rus · wall_segment Palisade Wall x1 |
| 18:43 | GELO163Rus · wall_segment Palisade Wall x1 |
| 18:44 | GELO163Rus · wall_segment Palisade Wall x1 |
| 18:44 | LMG_HERA DE TEMU · first_building Archery Range |
| 18:45 | GELO163Rus · wall_segment Palisade Wall x1 |
| 18:46 | GELO163Rus · wall_segment Palisade Wall x1 |
| 19:16 | LMG_SON SABANDIJAS · wall_segment Palisade Wall x1 |
| 19:23 | LMG_SON SABANDIJAS · wall_segment Palisade Wall x6 |
| 19:37 | Nezdeshni · age_up castle |
| 20:22 | LMG_SON SABANDIJAS · age_up feudal |
| 20:51 | Nezdeshni · first_building Castle |
| 21:11 | nikolay.borisbl4 · wall_segment Palisade Wall x4 |
| 21:17 | nikolay.borisbl4 · wall_segment Palisade Wall x5 |
| 21:58 | nikolay.borisbl4 · age_up castle |
| 22:05 | nikolay.borisbl4 · first_building Siege Workshop |
| 23:04 | Nezdeshni · tribute_sent a jugador 1 |
| 23:04 | Nezdeshni · tribute_sent a jugador 2 |
| 23:04 | Nezdeshni · tribute_sent a jugador 3 |
| 23:04 | Nezdeshni · tribute_sent a jugador 4 |
| 23:04 | Nezdeshni · tribute_sent a jugador 6 |
| 23:09 | nikolay.borisbl4 · wall_segment Palisade Wall x1 |
| 23:42 | LMG_HERA DE TEMU · age_up castle |
| 24:02 | LMG_SON SABANDIJAS · first_building Barracks |
| 24:08 | LMG_Leonardo · age_up castle |
| 24:19 | LMG_SON SABANDIJAS · wall_segment Palisade Wall x1 |
| 24:21 | LMG_SON SABANDIJAS · wall_segment Palisade Wall x1 |
| 24:22 | LMG_SON SABANDIJAS · wall_segment Palisade Wall x1 |
| 24:29 | LMG_SON SABANDIJAS · wall_segment Palisade Wall x1 |
| 24:31 | LMG_SON SABANDIJAS · wall_segment Palisade Wall x1 |
| 24:32 | LMG_SON SABANDIJAS · wall_segment Palisade Wall x1 |
| 24:33 | LMG_SON SABANDIJAS · wall_segment Palisade Wall x1 |
| 25:50 | LMG_SON SABANDIJAS · wall_segment Palisade Wall x1 |
| 26:10 | LMG_SON SABANDIJAS · wall_segment Stone Wall x1 |
| 26:20 | LMG_Leonardo · first_building Archery Range |
| 26:56 | nikolay.borisbl4 · wall_segment Palisade Wall x1 |
| 26:57 | LMG_SON SABANDIJAS · wall_segment Palisade Wall x1 |
| 27:01 | nikolay.borisbl4 · wall_segment Palisade Wall x1 |
| 27:25 | nikolay.borisbl4 · wall_segment Palisade Wall x1 |
| 27:26 | nikolay.borisbl4 · wall_segment Palisade Wall x1 |
| 27:50 | Nezdeshni · first_market_buy 100 food |
| 28:07 | LMG_SON SABANDIJAS · wall_segment Stone Wall x12 |
| 28:17 | LMG_HERA DE TEMU · first_building Monastery |
| 28:50 | GELO163Rus · first_building Barracks |
| 29:02 | LMG_Leonardo · first_building Castle |
| 29:20 | LMG_Leonardo · first_market_buy 100 food |
| 30:35 | LMG_Leonardo · first_building Siege Workshop |
| 31:17 | LMG_Leonardo · first_market_sell 100 wood |
| 32:19 | GELO163Rus · first_building Stable |
| 32:45 | LMG_HERA DE TEMU · first_market_buy 100 food |
| 33:28 | LMG_SON SABANDIJAS · first_market_buy 100 food |
| 33:30 | LMG_SON SABANDIJAS · first_market_sell 100 wood |
| 34:07 | Nezdeshni · first_market_sell 500 wood |
| 34:15 | LMG_HERA DE TEMU · first_market_sell 100 wood |
| 34:19 | LMG_SON SABANDIJAS · wall_segment Stone Wall x21 |
| 34:49 | LMG_SON SABANDIJAS · wall_segment Stone Wall x13 |
| 34:51 | LMG_SON SABANDIJAS · wall_segment Stone Wall x3 |
| 36:03 | LMG_SON SABANDIJAS · wall_segment Stone Wall x15 |
| 36:57 | GELO163Rus · wall_segment Palisade Wall x4 |
| 37:01 | LMG_SON SABANDIJAS · age_up castle |
| 39:23 | GELO163Rus · age_up castle |
| 39:35 | GELO163Rus · first_market_buy 100 stone |
| 41:48 | LMG_SON SABANDIJAS · first_building Stable |
| 41:58 | LMG_HERA DE TEMU · age_up imperial |
| 45:32 | Nezdeshni · age_up imperial |
| 46:01 | Nezdeshni · first_building Siege Workshop |
| 46:38 | LMG_HERA DE TEMU · resign |
[ AI ANALYSIS · 1 CREDIT ]
What really happened in this match?
Wolo.gg analyzes every decision: build order, eco, micro, common mistakes by bracket. Personalized analysis on WhatsApp or Discord in 30 seconds.
Civ guide
Huns
Perfil
Jugador #12168959